 Dungeon Crawl Stone Soup version 0.22-a0-612-gd2f0174 (webtiles) character file.

1404 Hebeh the Conjurer (level 8, -2/41 HPs)
             Began as a Deep Elf Fire Elementalist on July 11, 2018.
             Was a Believer of Vehumet.
             Slain by an orc warrior
             ... wielding a +0 hand axe
              (19 damage)
             ... on level 6 of the Dungeon.
             The game lasted 00:52:39 (8222 turns).

Hebeh the Conjurer (Deep Elf Fire Elementalist)     Turns: 8222, Time: 00:52:39

Health: -2/41      AC:  7    Str:  5    XL:     8   Next: 42%
Magic:  8/20       EV: 13    Int: 23    God:    Vehumet [**....]
Gold:   323        SH:  0    Dex: 15    Spells: 8/21 levels left

rFire    . . .     SeeInvis .   b - -1 hunting sling
rCold    . . .     Gourm    .   (no shield)
rNeg     . . .     Faith    .   e - +0 robe
rPois    .         Spirit   .   (no helmet)
rElec    .         Reflect  .   r - +1 cloak
rCorr    .         Harm     .   (no gloves)
MR       .....                  x - +2 pair of boots
Stlth    ++........             (no amulet)
HPRegen  0.13/turn              g - ring of wizardry
MPRegen  0.17/turn              (no ring)

@: very slightly contaminated
A: no striking features
a: Renounce Religion


You were on level 6 of the Dungeon.
You worshipped Vehumet.
Vehumet was pleased with you.
You were hungry.

You visited 2 branches of the dungeon, and saw 7 of its levels.
You also visited: Sewer.

You collected 323 gold pieces.

Inventory:

Hand Weapons
 a - a +4 trident
 b - a -1 hunting sling (weapon)
 i - a +2 flail of protection
Missiles
 w - 149 stones (quivered)
 C - 10 tomahawks
Armour
 e - a +0 robe (worn)
 r - a +1 cloak (worn)
 x - a +2 pair of boots (worn)
Jewellery
 g - a ring of wizardry (left hand)
Wands
 E - a wand of acid (4)
Scrolls
 j - a scroll of magic mapping {unknown}
 m - a scroll of fear
 o - a scroll of remove curse
 q - a scroll of enchant armour
 s - 5 scrolls of teleportation
 u - 2 scrolls of identify
 y - 5 scrolls of fog
Potions
 d - 4 potions of curing
 f - 2 potions of agility {unknown}
 h - a potion of invisibility {unknown}
 l - a potion of haste {unknown}
 p - 2 potions of mutation {unknown}
 t - 4 potions of flight
 z - 3 potions of brilliance {unknown}
 A - a potion of resistance {unknown}
 D - a potion of lignification {unknown}
 F - 5 potions of might
 H - 4 potions of heal wounds
Comestibles
 c - 7 rations


   Skills:
 - Level 2.4 Dodging
 - Level 2.4 Stealth
 + Level 7.0 Spellcasting
 * Level 7.5 Conjurations
 * Level 7.4 Fire Magic


You had 8 spell levels left.
You knew the following spells:

 Your Spells              Type           Power        Failure   Level  Hunger
a - Flame Tongue          Conj/Fire      #####        1%          1    None
b - Throw Flame           Conj/Fire      #####.       1%          2    None
c - Conjure Flame         Conj/Fire      #####...     1%          3    None
d - Shock                 Conj/Air       ####         1%          1    None
e - Fireball              Conj/Fire      #####.....   4%          5    #####..
f - Freeze                Ice            #...         3%          1    None

Your spell library contained the following spells:

 Spells                   Type           Power        Failure   Level  Hunger
 Sticky Flame             Conj/Fire      #####...     1%          4    ###....
 Inner Flame              Hex/Fire       ####....     1%          3    None


Dungeon Overview and Level Annotations

Branches:
Dungeon (6/15)             Temple (1/1) D:4

Altars:
Ashenzari
Gozag
Kikubaaqudgha
Makhleb
Qazlal
Sif Muna
Vehumet
Wu Jian
Xom
Yredelemnul
Zin
The Shining One


Message History

The flame tongue hits the orc warrior.
The orc warrior appears unharmed.
The orc warrior is moderately wounded.
The orc warrior hits you with a hand axe.
Casting: Flame Tongue (safe; 1% risk of failure)
Confirm with . or Enter, or press ? or * to list all spells.
Aiming: Flame Tongue (safe; 1% risk of failure)
Press: ? - help, Shift-Dir - straight line, f/p - orc warrior
Aim: an orc warrior, wielding a hand axe and wearing a plate armour (moderately wounded)
The flame tongue hits the orc warrior.
The orc warrior appears unharmed.
The orc warrior is moderately wounded.
The orc warrior hits you with a hand axe!!
Casting: Flame Tongue (safe; 1% risk of failure)
Confirm with . or Enter, or press ? or * to list all spells.
Aiming: Flame Tongue (safe; 1% risk of failure)
Press: ? - help, Shift-Dir - straight line, f/p - orc warrior
Aim: an orc warrior, wielding a hand axe and wearing a plate armour (moderately wounded)
The flame tongue hits the orc warrior.
The orc warrior appears unharmed.
The orc warrior is moderately wounded.
The orc warrior hits you with a hand axe!!
You die...

#..###....####.##
###......##..##..#
........####....##
...<.....####...#
#.....#...####.##
###...##.......##
#...##........#
#...##........####
....##....#...@o.#
>....##..............#
#####...................
...#......###....
####.....## ... ##...##
.. #..# # #.#


You could see an orc warrior.

Vanquished Creatures
  Grinder (D:5)
  Sigmund (D:5)
  An ogre (D:5)
  2 centaurs (D:5)
  A big kobold (Sewer)
  A scorpion (D:5)
  3 hounds (D:4)
  4 worker ants
  2 iguanas (D:5)
  An orc wizard (D:4)
  A howler monkey skeleton (D:4)
  8 gnolls
  10 river rats (Sewer)
  7 adders
  A shadow imp (D:5)
  An ooze (D:1)
  An adder skeleton (D:4)
  4 worms
  3 dart slugs
  4 leopard geckos
  7 orcs
  10 ball pythons
  6 bats
  4 bat zombies
  5 giant cockroaches
  7 hobgoblins
  13 jackals
  23 kobolds
  3 quokkas
  8 frilled lizards
  8 goblins
  A leopard gecko zombie (D:5)
  18 rats
  3 rat zombies (D:3)
  A fungus (D:1)
174 creatures vanquished.

Notes
Turn   | Place    | Note
-------+----------+-------------------------------------------
     0 | D:1      | Hebeh the Deep Elf Fire Elementalist began the quest for the Orb.
     0 | D:1      | Reached XP level 1. HP: 10/10 MP: 6/6
   100 | D:1      | Reached XP level 2. HP: 15/15 MP: 0/8
   805 | D:1      | Reached XP level 3. HP: 19/19 MP: 6/10
  1794 | D:2      | Reached XP level 4. HP: 23/24 MP: 6/11
  1887 | D:2      | Learned a level 2 spell: Throw Flame
  1891 | D:2      | Learned a level 3 spell: Conjure Flame
  2851 | D:3      | Reached XP level 5. HP: 28/28 MP: 9/13
  2901 | D:3      | Found an ancient bone altar of Kikubaaqudgha.
  3127 | D:3      | Found an opulent altar of Gozag.
  3127 | D:3      | Found a glowing silver altar of Zin.
  3971 | D:4      | Found a staircase to the Ecumenical Temple.
  3981 | Temple   | Entered the Ecumenical Temple
  4018 | Temple   | Became a worshipper of Vehumet
  4750 | D:4      | Reached XP level 6. HP: 32/32 MP: 11/15
  4835 | D:4      | Reached skill level 5 in Spellcasting
  4933 | D:4      | Reached skill level 5 in Conjurations
  4933 | D:4      | Reached skill level 5 in Fire Magic
  5222 | D:5      | Entered Level 5 of the Dungeon
  5340 | D:5      | Found a glowing drain.
  5349 | Sewer    | Entered a sewer
  5740 | Sewer    | Reached * piety under Vehumet
  5740 | Sewer    | Offered knowledge of Shock by Vehumet.
  5815 | Sewer    | Reached XP level 7. HP: 14/36 MP: 12/17
  6603 | D:5      | Learned a level 1 spell: Shock
  6636 | D:5      | Found a glowing golden altar of the Shining One.
  6670 | D:5      | Noticed Grinder
  6685 | D:5      | Paralysed by Grinder for 5 turns
  6690 | D:5      | Killed Grinder
  6690 | D:5      | Offered knowledge of Freeze by Vehumet.
  6807 | D:5      | Learned a level 1 spell: Freeze
  7190 | D:5      | Reached ** piety under Vehumet
  7359 | D:5      | Reached XP level 8. HP: 41/41 MP: 16/19
  7484 | D:5      | Noticed Sigmund
  7488 | D:5      | Killed Sigmund
  8096 | D:5      | Learned a level 5 spell: Fireball
  8222 | D:6      | Slain by an orc warrior

Vault maps used:
D:1:      dpeg_arrival_simpleton_b, minmay_gold_behind_fungi, minmay_surrounded
D:3:      grunt_temple_overflow_gold_and_silver,
          lemuel_zombie_altar_kikubaaqudgha, chequers_big_river
D:4:      minmay_temple_entry_poolview, st_stairs_11
D:5:      nicolae_tso_carved_into_rock, first_ration, portal_sewer_entry_d,
          serial_co_window_serial, co_window_paths_a, co_window_paths_b,
          co_window_paths_b, co_window_of_opportunity_a,
          co_window_of_opportunity_a, co_window_cross_4, co_window_2corner,
          co_window_paths_c, co_window_unsneaky_path_d, co_window_2corner,
          co_window_broadway_b, glass_columns_b, glass_columns_c,
          glass_columns_b, glass_columns_a, glass_columns_a, uniq_grinder,
          uniq_sigmund
D:6:      grunt_dithmenos_shadows
Temple:   nicolae_temple_hex_pool
Sewer:    sewer_minmay_treatment

Skill      XL: |  1  2  3  4  5  6  7  8 |
---------------+-------------------------+-----
Conjurations   | 2 3 4 5 6 7 |  7.5
Spellcasting   | 4 5 6 7 |  7.0
Fire Magic     | 4 5 6 7 |  7.4
Dodging        | |  2.4
Stealth        | |  2.4

Action                   |  1- 3 |  4- 6 |  7- 9 || total
-------------------------+-------+-------+-------++-------
Melee: Club              |    52 |       |       ||    52
       Trident           |       |    14 |       ||    14
       Hunting sling     |       |     1 |       ||     1
 Fire: Hunting sling     |    16 |   105 |     1 ||   122
Throw: Stone             |     8 |       |       ||     8
 Cast: Flame Tongue      |    68 |   138 |    87 ||   293
       Throw Flame       |       |    10 |    22 ||    32
       Shock             |       |       |    25 ||    25
       Conjure Flame     |       |       |     1 ||     1
  Use: Scroll            |     2 |       |    14 ||    16
  Eat: Chunk             |     3 |     8 |     7 ||    18
       Ration            |       |     1 |       ||     1
Armor: Robe              |    10 |    25 |     5 ||    40
Dodge: Dodged            |    46 |    35 |    23 ||   104

Table legend:
 A = Spawn XP
 B = Non-spawn XP
 C = Spawn XP percentage of total XP
 D = Spawn monster count
 E = Non-spawn monster count
 F = Spawn count percentage of total count
 G = Total turns spent on level
                    A         B        C        D         E        F      G
               +---------+---------+-------+---------+---------+-------+---------
         Total |       0 |    2006 |   0.0 |       0 |     173 |   0.0 |  8222
               +---------+---------+-------+---------+---------+-------+---------
           D:1 |       0 |      68 |   0.0 |       0 |      27 |   0.0 |  1441
           D:2 |       0 |      78 |   0.0 |       0 |      21 |   0.0 |  1123
           D:3 |       0 |      79 |   0.0 |       0 |      29 |   0.0 |  1139
           D:4 |       0 |     293 |   0.0 |       0 |      21 |   0.0 |  1446
           D:5 |       0 |    1202 |   0.0 |       0 |      25 |   0.0 |  1697
           D:6 |       0 |       6 |   0.0 |       0 |       2 |   0.0 |    52
         Sewer |       0 |     280 |   0.0 |       0 |      48 |   0.0 |  1251
               +---------+---------+-------+---------+---------+-------+---------
